 Dungeon Crawl Stone Soup version 0.30.1-9-gdf580d7c3d (webtiles) character file.

Game seed: 11693639231685750178

27290 bearlyready the Summoner (level 13, -4/99 HPs)
             Began as a Gnoll Summoner on Oct 7, 2023.
             Was a Believer of Nemelex Xobeh.
             Slain by a six-headed hydra (5 damage)
             ... while petrified by a catoblepas
             ... on level 3 of the Lair of Beasts.
             The game lasted 00:33:41 (15433 turns).

bearlyready the Summoner (Gnoll Summoner)          Turns: 15433, Time: 00:33:42

Health: -4/99      AC: 14    Str: 17    XL:     13   Next: 31%
Magic:  26/26      EV:  2    Int: 24    God:    Nemelex Xobeh [**....]
Gold:   2841       SH:  0    Dex: 18    Spells: 16/31 levels left

rFire   . . .        Z - +9 demon trident (elec)
rCold   x . .        (no shield)
rNeg    + + +        J - +3 leather armour
rPois   ∞            H - +0 helmet
rElec   .            P - +0 cloak {rPois}
rCorr   .            R - +2 pair of gloves {Str+3}
SInv    .            W - +0 pair of boots of the Blue Salmon {Str+4}
Will    .....        Y - amulet of magic regeneration
Stlth   ++++         q - ring of the Iron Devil {rPois rC- Int+6 Dex+6 Slay+3}
HPRegen 0.36/turn    c - +5 ring of evasion
MPRegen 0.60/turn

%: no passive effects
@: petrified, marked
A: fangs 1, strong nose, distributed training
a: Renounce Religion, Draw Escape, Draw Destruction, Draw Summoning, Draw Stack


You were on level 3 of the Lair of Beasts.
You worshipped Nemelex Xobeh.
Nemelex Xobeh was pleased with you.
You visited 2 branches of the dungeon, and saw 15 of its levels.
You also visited: Trove, Ossuary, Bailey and Gauntlet.

You collected 3186 gold pieces.
You spent 345 gold pieces at shops.

Inventory:

Hand Weapons
 m - the +7 dagger of Daokk {spect, rF- rN+ rCorr}
   (You found it on level 2 of the Dungeon)

   rF:        It makes you vulnerable to fire.
   rN:        It protects you from negative energy.
   rCorr:     It protects you from acid and corrosion.
 V - the +5 war axe of Eternity {vamp, rPois Will- rCorr}
   (You found it on level 11 of the Dungeon)

   rPois:     It protects you from poison.
   rCorr:     It protects you from acid and corrosion.
   Will:      It decreases your willpower.
 Z - a +9 demon trident of electrocution (weapon)
Missiles
 g - 28 poisoned darts (quivered)
 B - 12 boomerangs
 D - 3 silver boomerangs
 X - 3 javelins
Armour
 u - the +0 hat of Hedonism {rElec Dex+3}
   (You found it in a treasure trove)

   Dex:       It affects your dexterity (+3).
   rElec:     It insulates you from electricity.
 H - a +0 helmet (worn)
 J - a +3 leather armour (worn)
 P - a +0 cloak of poison resistance (worn)
 R - a +2 pair of gloves of strength (worn)
 W - the +0 pair of boots of the Blue Salmon (worn) {Str+4}
   (You found it in a Gauntlet)

   Str:       It affects your strength (+4).
Jewellery
 c - a +5 ring of evasion (right hand)
 n - the ring "Paul" {rElec rF- Int+5 Dex+6}
   (You found it in a treasure trove)

   [ring of dexterity]

   Int:       It affects your intelligence (+5).
   Dex:       It affects your dexterity (+6).
   rF:        It makes you vulnerable to fire.
   rElec:     It insulates you from electricity.
 q - the ring of the Iron Devil (left hand) {rPois rC- Int+6 Dex+6 Slay+3}
   (You found it in a Gauntlet)

   [ring of dexterity]

   Int:       It affects your intelligence (+6).
   Dex:       It affects your dexterity (+6).
   Slay:      It affects your accuracy & damage with ranged weapons and melee
   (+3).
   rC:        It makes you vulnerable to cold.
   rPois:     It protects you from poison.
 r - a ring of protection from cold
 Y - an amulet of magic regeneration (around neck)
Wands
 a - a wand of mindburst (13)
 p - a wand of iceblast (20)
 F - a wand of flame (18)
 L - a wand of polymorph (18)
 M - a wand of charming (29)
 U - a wand of acid (10)
Scrolls
 h - 4 scrolls of poison
 i - 2 scrolls of enchant armour
 o - 9 scrolls of teleportation
 s - 4 scrolls of fog
 v - a scroll of enchant weapon
 y - 3 scrolls of brand weapon
 A - 3 scrolls of summoning
 E - 4 scrolls of vulnerability
 I - 3 scrolls of blinking
 N - 2 scrolls of acquirement
 Q - 3 scrolls of torment
Potions
 b - a potion of magic
 d - 6 potions of invisibility
 e - 8 potions of mutation
 f - 3 potions of heal wounds
 j - a potion of berserk rage
 l - 3 potions of degeneration
 t - 2 potions of might
 w - 5 potions of cancellation
 x - 9 potions of curing
 z - 2 potions of brilliance
 G - 4 potions of lignification
 K - 2 potions of resistance
 O - 4 potions of attraction
 S - a potion of haste {unknown}
Miscellaneous
 k - a phial of floods
 C - a tin of tremorstones (2/2)


   Skills:
 + Level 8.5 Fighting
 + Level 8.5 Short Blades
 + Level 8.5 Long Blades
 + Level 8.5 Axes
 + Level 8.5 Maces & Flails
 + Level 8.5 Polearms
 + Level 8.5 Staves
 + Level 8.5 Ranged Weapons
 + Level 8.5 Throwing
 + Level 8.5 Armour
 + Level 9.7 Dodging
 + Level 9.5 Stealth
 + Level 8.5 Shields
 + Level 8.5 Unarmed Combat
 + Level 9.9 Spellcasting
 + Level 7.0 Conjurations
 + Level 7.0 Hexes
 + Level 10.1 Summonings
 + Level 7.0 Necromancy
 + Level 7.0 Translocations
 + Level 7.0 Transmutations
 + Level 7.0 Fire Magic
 + Level 7.0 Ice Magic
 + Level 7.0 Air Magic
 + Level 7.0 Earth Magic
 + Level 7.0 Poison Magic
 + Level 9.3 Invocations
 + Level 8.5 Evocations


You had 16 spell levels left.
You knew the following spells:

 Your Spells              Type           Power      Damage    Failure   Level
a - Summon Small Mammal   Summ           100%       N/A       1%          1
b - Call Imp              Summ           100%       N/A       1%          2
c - Call Canine Familiar  Summ           57%        N/A       1%          3
d - Summon Lightning Spi  Summ/Air       52%        N/A       1%          4
e - Blade Hands           Tmut           22%        N/A       10%         5

Your spell library contained the following spells:

 Spells                   Type           Power      Damage    Failure   Level
 Sublimation of Blood     Necr           45%        N/A       1%          2
 Inner Flame              Hex/Fire       45%        N/A       1%          3
 Portal Projectile        Hex/Tloc       90%        N/A       1%          3
 Summon Guardian Golem    Hex/Summ       52%        N/A       1%          3
 Tukima's Dance           Hex            45%        N/A       1%          3
 Petrify                  Tmut/Erth      45%        N/A       3%          4
 Irradiate                Conj/Tmut      22%        3d19      10%         5
 Yara's Violent Unravell  Hex/Tmut       22%        3d10      10%         5
 Spellforged Servitor     Conj/Summ      26%        N/A       83%         7
 Enfeeble                 Hex            22%        N/A       96%         7
 Orb of Destruction       Conj           22%        9d8       96%         7


Dungeon Overview and Level Annotations

Branches:
Dungeon (12/15)            Temple (0/1) D:7            Lair (3/5) D:9
  Snake (0/4) Lair:2      Ossuary (visited)          Bailey (visited)
Gauntlet (visited)
  Swamp: Lair:2-3    Shoals: Lair:2-3       Orc: D:9-12

Altars:
Cheibriados
Hepliaklqana
Nemelex Xobeh
Okawaru
Ru
Sif Muna
Wu Jian
Xom
Yredelemnul

Shops:
D:2 (   D:5 *::?[   D:6 [


Innate Abilities, Weirdness & Mutations

You have very sharp teeth.
Your uncanny sense of smell can sniff out nearby items.
Your experience applies equally to all skills.


Message History

The blink frog hits something!!
The blink frog blinks!
A blink frog comes into view.
The komodo dragon bites you.
The catoblepas breathes a plume of calcifying dust at you.
The blast of calcifying dust hits you but does no damage.
A seven-headed hydra comes into view.
The komodo dragon bites you!!
You are engulfed in calcifying dust.
The blink frog blinks! x2
Bearlyready's illusion hits the catoblepas!
The catoblepas dies!
A blink frog comes into view. x2
The komodo dragon bites you! The komodo dragon bites you!!
You are engulfed in calcifying dust.
The blink frog blinks!
Bearlyready's illusion hits the blink frog!
The six-headed hydra bites you but does no damage.
The six-headed hydra bites you!
* * * LOW HITPOINT WARNING * * *
The six-headed hydra bites you.
* * * LOW HITPOINT WARNING * * *
The six-headed hydra bites you but does no damage.
The six-headed hydra bites you. x2
* * * LOW HITPOINT WARNING * * *
The komodo dragon bites you!
* * * LOW HITPOINT WARNING * * *
The komodo dragon bites you!
* * * LOW HITPOINT WARNING * * *
You are engulfed in calcifying dust.
The blink frog hits you!
* * * LOW HITPOINT WARNING * * *
Your cerulean imp hits the komodo dragon but does no damage.
Bearlyready's illusion misses the blink frog.
The six-headed hydra bites you but does no damage.
The six-headed hydra bites you.
* * * LOW HITPOINT WARNING * * *
The six-headed hydra bites you!
* * * LOW HITPOINT WARNING * * *
The six-headed hydra bites you.
* * * LOW HITPOINT WARNING * * *
The six-headed hydra bites you!
You die...
Your body glows with a rainbow of weird colours and disappears.

.... ∆ .......
...... .......
...... ....... ....
....... ........S
..... #.....P#F##F.F
#.....###lPD##
#.....##.l@@.#
#.....#..SF5.##
#.....##§.....#
#.....##D....##
#..#..<..#.##..##
...........#.P.P.#
.............PP.§..
##P.###.###.###...#.
## ### ## #### #


You could see a seven-headed hydra, a six-headed hydra, 2 komodo dragons, a
black mamba, a cane toad, 3 blink frogs, a water moccasin, the friendly
bearlyready's illusion (summoned) and a friendly cerulean imp (summoned).

Vanquished Creatures
  Gastronok (Lair:1)
  A catoblepas (Gauntlet)
  Erica (Lair:1)
  Nergalle (D:10)
  A skeletal warrior (D:12)
  A deep elf pyromancer (D:12)
  A cyclops (D:11)
  6 elephants
  2 manticores
  2 black mambas (Lair:1)
  A gargoyle (D:11)
  2 komodo dragons
  An efreet (D:10)
  An unseen horror zombie (D:8)
  A polar bear (Lair:1)
  6 blink frogs (Lair:2)
  A vampire (D:12)
  A wraith (Ossuary)
  A basilisk (Lair:1)
  A shadow (D:9)
  4 vampire mosquitoes (D:10)
  A fire elemental (Lair:2)
  4 wyverns
  6 yaks (Lair:2)
  Grum (D:9)
  2 steam dragons
  3 water moccasins
  An acid dragon (D:9)
  9 orc warriors
  3 ice beasts
  An ogre (D:4)
  A boggart (Bailey)
  10 wolves
  4 centaurs
  3 phantoms
  4 kobold brigands
  8 bullfrogs
  A wyvern zombie (D:8)
  5 scorpions
  2 necrophages (D:8)
  14 wights
  2 killer bees
  4 howler monkeys
  2 electric eels (D:10)
  A centaur zombie (D:8)
  An orc priest (D:8)
  A human zombie (D:8)
  A hound (D:5)
  3 jellies
  A sleepcap (D:4)
  Jessica (D:3)
  3 iguanas
  7 orc wizards
  2 killer bee zombies (D:8)
  4 mummies
  Robin (D:4)
  5 adders
  A gnoll (D:5)
  2 white imps (D:7)
  3 ufetubi
  4 worms
  3 dart slugs (D:2)
  39 orcs
  7 endoplasms
  A giant cockroach (D:3)
  17 goblins
  5 hobgoblins
  8 quokkas
  2 ball pythons
  7 bats
  3 frilled lizards
  5 gnoll skeletons (Ossuary)
  15 kobolds
  7 kobold skeletons (Ossuary)
  11 orc skeletons (Ossuary)
  5 rats
304 creatures vanquished.

Vanquished Creatures (collateral kills)
  A storm dragon (Gauntlet)
  Fannar (Lair:2)
  A catoblepas (Lair:3)
  A skeletal warrior (D:12)
  A cyclops (D:11)
  A gargoyle (Gauntlet)
  An unseen horror (D:11)
  A rime drake (Lair:1)
  2 komodo dragons (Lair:2)
  2 trolls
  A queen bee (Gauntlet)
  Prince Ribbit (D:9)
  2 raiju (Gauntlet)
  Sigmund (D:3)
  A shadow (D:11)
  A wyvern (Lair:2)
  A wraith (D:10)
  A yak (Lair:2)
  An orc warrior (D:6)
  A sky beast (D:8)
  3 centaurs (D:12)
  A scorpion (D:7)
  9 wights
  10 killer bees
  2 howler monkeys (D:12)
  4 orc priests
  2 orc wizards (D:9)
  A lightning spire (Gauntlet)
  3 gnolls (D:5)
  A shadow imp (D:7)
  2 nameless horrors
  A worm (D:7)
  A dart slug (D:1)
  10 orcs
  A ball python (D:1)
  4 hobgoblins
  A kobold (D:4)
  A gnoll skeleton (Ossuary)
  7 goblins
  An orc skeleton (Ossuary)
  A rat (D:1)
89 creatures vanquished.

Vanquished Creatures (others)
  An orc wizard (D:12)
1 creature vanquished.

Grand Total: 394 creatures vanquished

Notes
Turn   | Place    | Note
-------+----------+-------------------------------------------
     0 | D:1      | bearlyready the Gnoll Summoner began the quest for the Orb.
     0 | D:1      | Reached XP level 1. HP: 13/13 MP: 6/6
   154 | D:1      | Reached XP level 2. HP: 16/20 MP: 4/7
   297 | D:1      | Found a faded altar of an unknown god.
   317 | D:1      | Prayed at the altar of an unknown god.
   317 | D:1      | Became a worshipper of Nemelex Xobeh the Trickster
   317 | D:1      | Reached * piety under Nemelex Xobeh
   554 | D:1      | Received a gift from Nemelex Xobeh
   852 | D:2      | Reached ** piety under Nemelex Xobeh
   854 | D:2      | Reached skill level 5 in Spellcasting
   854 | D:2      | Reached XP level 3. HP: 25/25 MP: 6/9
   968 | D:2      | Identified the +7 dagger of Daokk {spect, rF- rN+ rCorr}
  1008 | D:2      | Found Yclax's Weapon Shoppe.
  1027 | D:2      | Received a gift from Nemelex Xobeh
  1095 | D:2      | Learned a level 2 spell: Call Imp
  1099 | D:2      | Learned a level 3 spell: Call Canine Familiar
  1132 | D:2      | Reached skill level 1 in Invocations
  1382 | D:2      | Reached skill level 1 in Fighting
  1382 | D:2      | Reached skill level 1 in Short Blades
  1382 | D:2      | Reached skill level 1 in Long Blades
  1382 | D:2      | Reached skill level 1 in Axes
  1382 | D:2      | Reached skill level 1 in Maces & Flails
  1382 | D:2      | Reached skill level 1 in Polearms
  1382 | D:2      | Reached skill level 1 in Staves
  1382 | D:2      | Reached skill level 1 in Ranged Weapons
  1382 | D:2      | Reached skill level 1 in Throwing
  1382 | D:2      | Reached skill level 1 in Armour
  1382 | D:2      | Reached skill level 1 in Shields
  1382 | D:2      | Reached skill level 1 in Unarmed Combat
  1382 | D:2      | Reached skill level 1 in Evocations
  1475 | D:3      | Noticed Sigmund
  1568 | D:3      | Killed Sigmund
  1569 | D:3      | Reached skill level 1 in Conjurations
  1569 | D:3      | Reached skill level 1 in Hexes
  1569 | D:3      | Reached skill level 1 in Necromancy
  1569 | D:3      | Reached skill level 1 in Translocations
  1569 | D:3      | Reached skill level 1 in Transmutations
  1569 | D:3      | Reached skill level 1 in Fire Magic
  1569 | D:3      | Reached skill level 1 in Ice Magic
  1569 | D:3      | Reached skill level 1 in Air Magic
  1569 | D:3      | Reached skill level 1 in Earth Magic
  1569 | D:3      | Reached skill level 1 in Poison Magic
  1569 | D:3      | Reached XP level 4. HP: 33/33 MP: 11/11
  1569 | D:3      | Reached XP level 5. HP: 38/38 MP: 12/12
  1654 | D:3      | Found a sacrificial altar of Ru.
  1793 | D:3      | Noticed Jessica
  1802 | D:3      | Killed Jessica
  1803 | D:3      | Reached XP level 6. HP: 37/44 MP: 14/14
  2149 | D:3      | Reached skill level 5 in Dodging
  2269 | D:4      | Noticed Robin
  2395 | D:4      | You fall into a shaft and drop 1 floor!
  2395 | D:5      | Entered Level 5 of the Dungeon
  2395 | D:5      | Received a gift from Nemelex Xobeh
  2403 | D:4      | Reached *** piety under Nemelex Xobeh
  2450 | D:4      | Reached XP level 7. HP: 48/50 MP: 15/15
  2512 | D:4      | Killed Robin
  2796 | D:4      | Reached skill level 5 in Stealth
  3080 | D:4      | Received a gift from Nemelex Xobeh
  3273 | D:5      | Found Rolustri's Book Shoppe.
  3316 | D:5      | Learned a level 4 spell: Summon Lightning Spire
  3597 | D:5      | Found Nidos's Assorted Antiques.
  3625 | D:5      | Found Zupsotu's Book Emporium.
  3729 | D:5      | Received a gift from Nemelex Xobeh
  3955 | D:5      | Reached XP level 8. HP: 57/58 MP: 16/16
  3972 | D:5      | Found Hapaph's Antique Armour Shop.
  4024 | D:5      | Reached **** piety under Nemelex Xobeh
  4144 | D:5      | Found Vuppeso's Magic Scroll Shop.
  4147 | D:5      | Bought a scroll of identify for 20 gold pieces
  4147 | D:5      | Bought a scroll of teleportation for 30 gold pieces
  4147 | D:5      | Bought a scroll of teleportation for 30 gold pieces
  4147 | D:5      | Bought a scroll of blinking for 75 gold pieces
  4152 | D:5      | Bought a scroll of enchant weapon for 75 gold pieces
  4152 | D:5      | Bought a scroll of enchant armour for 75 gold pieces
  4152 | D:5      | Bought a scroll of fog for 40 gold pieces
  4666 | D:6      | Found Eciahimi's Antique Armour Emporium.
  4773 | D:6      | Found a snail-covered altar of Cheibriados.
  5013 | D:7      | Noticed a nameless horror
  5321 | D:7      | Received a gift from Nemelex Xobeh
  5374 | D:7      | Found a staircase to the Ecumenical Temple.
  5407 | D:7      | Reached XP level 9. HP: 50/65 MP: 12/18
  5551 | D:8      | Found a flagged portal.
  5597 | Bailey   | Entered a bailey
  5696 | Bailey   | Reached skill level 8 in Summonings
  5757 | Bailey   | Noticed an orc knight
  5771 | Bailey   | an orc knight changed into an elephant
  5771 | Bailey   | Noticed an elephant
  5777 | Bailey   | Killed an elephant
  5839 | Bailey   | Reached skill level 5 in Invocations
  6060 | D:8      | Found a sand-covered staircase.
  6069 | Ossuary  | Entered an ossuary
  6502 | D:8      | Noticed a manticore
  6513 | D:8      | HP: 2/67 [manticore (4)]
  6730 | D:8      | Reached skill level 5 in Fighting
  6730 | D:8      | Reached skill level 5 in Short Blades
  6730 | D:8      | Reached skill level 5 in Long Blades
  6730 | D:8      | Reached skill level 5 in Axes
  6730 | D:8      | Reached skill level 5 in Maces & Flails
  6730 | D:8      | Reached skill level 5 in Polearms
  6730 | D:8      | Reached skill level 5 in Staves
  6730 | D:8      | Reached skill level 5 in Ranged Weapons
  6730 | D:8      | Reached skill level 5 in Throwing
  6730 | D:8      | Reached skill level 5 in Armour
  6730 | D:8      | Reached skill level 5 in Shields
  6730 | D:8      | Reached skill level 5 in Unarmed Combat
  6730 | D:8      | Reached skill level 5 in Evocations
  6730 | D:8      | Reached XP level 10. HP: 55/74 MP: 20/20
  6898 | D:8      | Found a basalt altar of Yredelemnul.
  7354 | D:8      | Killed a manticore
  8053 | D:7      | Noticed Maggie
  8062 | D:7      | Maggie changed into Maggie the scorpion
  8062 | D:7      | Noticed Maggie
  8063 | D:7      | Killed Maggie the scorpion
  8844 | D:9      | Noticed Grum
  8910 | D:9      | Killed Grum
  8921 | D:9      | Found an ornate altar of the Wu Jian Council.
  9004 | D:9      | Reached ***** piety under Nemelex Xobeh
  9044 | D:9      | Noticed Prince Ribbit
  9056 | D:9      | Killed Prince Ribbit
  9059 | D:9      | Reached skill level 5 in Conjurations
  9059 | D:9      | Reached skill level 5 in Hexes
  9059 | D:9      | Reached skill level 5 in Necromancy
  9059 | D:9      | Reached skill level 5 in Translocations
  9059 | D:9      | Reached skill level 5 in Transmutations
  9059 | D:9      | Reached skill level 5 in Fire Magic
  9059 | D:9      | Reached skill level 5 in Ice Magic
  9059 | D:9      | Reached skill level 5 in Air Magic
  9059 | D:9      | Reached skill level 5 in Earth Magic
  9059 | D:9      | Reached skill level 5 in Poison Magic
  9062 | D:9      | Reached XP level 11. HP: 49/81 MP: 13/22
  9197 | D:9      | Found a shimmering altar of Xom.
  9234 | D:9      | Found a staircase to the Lair.
  9649 | D:9      | Found a hazy altar of Hepliaklqana.
  9776 | D:10     | Entered Level 10 of the Dungeon
  9776 | D:10     | Received a gift from Nemelex Xobeh
  9939 | D:10     | Reached skill level 9 in Summonings
 10099 | D:10     | Found an iron altar of Okawaru.
 10100 | D:10     | Noticed Nergalle
 10130 | D:10     | Killed Nergalle
 10911 | D:11     | Found a gate leading to a gauntlet.
 10916 | Gauntlet | Entered a Gauntlet
 10916 | Gauntlet | Found a transporter.
 10916 | Gauntlet | Found a transporter.
 10917 | Gauntlet | Noticed a catoblepas
 10924 | Gauntlet | Found a transporter.
 10928 | Gauntlet | Found a transporter.
 10936 | Gauntlet | Found a transporter.
 10940 | Gauntlet | Found a transporter.
 10942 | Gauntlet | Noticed a death yak
 10942 | Gauntlet | Noticed a death yak
 10942 | Gauntlet | Noticed a death yak
 10944 | Gauntlet | Found a runed translucent door.
 10944 | Gauntlet | Found a runed translucent door.
 10948 | Gauntlet | Found a transporter.
 10964 | Gauntlet | Found a transporter.
 10966 | Gauntlet | Received a gift from Nemelex Xobeh
 10978 | Gauntlet | Found a transporter.
 10982 | Gauntlet | Found a transporter.
 10985 | Gauntlet | Noticed a tengu warrior
 10990 | Gauntlet | Found a transporter.
 10994 | Gauntlet | Found a transporter.
 11091 | Gauntlet | Killed a catoblepas
 11342 | Gauntlet | Learned a level 5 spell: Blade Hands
 11628 | Gauntlet | Identified the +0 pair of boots of the Blue Salmon {Str+4}
 11641 | Gauntlet | Identified the ring of the Iron Devil {rPois rC- Int+6
                  | Dex+6 Slay+3}
 11641 | Gauntlet | Noticed a minotaur
 11663 | Gauntlet | HP: 3/83 [minotaur/javelin (22)]
 11665 | Gauntlet | a minotaur changed into a storm dragon
 11665 | Gauntlet | Noticed a storm dragon
 11668 | Gauntlet | Killed a storm dragon
 11822 | D:11     | Noticed a cyclops
 11834 | D:11     | Killed a cyclops
 11835 | D:11     | Reached XP level 12. HP: 91/91 MP: 24/24
 12234 | D:11     | Identified 2 scrolls of acquirement
 12371 | D:11     | Identified the +5 war axe of Eternity {vamp, rPois Will-
                  | rCorr}
 12696 | D:11     | Found a portal to a secret trove of treasure.
 12700 | Trove    | Entered a treasure trove
 12720 | Trove    | Identified the +0 hat of Hedonism {rElec Dex+3}
 12736 | Trove    | Identified the ring "Paul" {rElec rF- Int+5 Dex+6}
 13165 | D:12     | Noticed a two-headed ogre
 13512 | Lair:1   | Entered Level 1 of the Lair of Beasts
 13757 | Lair:1   | Noticed Gastronok
 13770 | Lair:1   | Killed Gastronok
 13806 | Lair:1   | Noticed Erica
 13820 | Lair:1   | Killed Erica
 14394 | Lair:1   | Reached XP level 13. HP: 98/98 MP: 26/26
 14520 | Lair:2   | Noticed Fannar
 14563 | Lair:2   | Killed Fannar
 14588 | Lair:2   | Found a shimmering blue altar of Sif Muna.
 14612 | Lair:2   | Received a gift from Nemelex Xobeh
 14665 | Lair:2   | Reached skill level 10 in Summonings
 15008 | Lair:2   | Found a staircase to the Snake Pit.
 15433 | Lair:3   | HP: 2/99 [six-headed hydra (4)]
 15433 | Lair:3   | Slain by a six-headed hydra

Illustrated notes

Levels and vault maps discovered:
D:1:      heliophobic_arrival_battle_scene, layout_basic,
          hellmonk_ecumenical_altar_pennies_from_heaven
D:2:      minmay_chambers_of_ones, layout_rooms, serial_shops, shop,
          minmay_nonomino_d4
D:3:      layout_basic, amcnicky_altar_gilded, uniq_jessica, uniq_sigmund
D:4:      layout_basic, abandoned_shop, hangedman_abyss_or_decor_lesser_grid,
          uniq_robin
D:5:      layout_loops_ring, serial_shops, nicolae_shop_tiny_glass,
          nicolae_shop_tiny_waterfront, nicolae_shop_rolled_up,
          nicolae_shop_window_shopping, nicolae_shop_just_a_little_nook,
          minmay_misc_feat_nine_boxes
D:6:      layout_loops_ring, slow_altar_2, serial_glass, glass_columns_c,
          glass_columns_c, serial_shops, nicolae_shop_tiny_statue_garden
D:7:      kennysheep_six_static_rooms, layout_gridville, temple_pool_b,
          uniq_maggie
D:8:      layout_layer_cave, lemuel_mausoleum_altar_yredelemnul,
          gup_ossuary_entry_pyramid, enter_bailey_3, kennysheep_generic_room_16
D:9:      layout_roguey, mainiacjoe_overflow_concentric_impassable,
          general_overflow_altar, nicolae_hepliaklqana_hippocampus,
          lair_entry_dummy, uniq_grum, uniq_prince_ribbit1
D:10:     layout_basic, kennysheep_okawaru_gauntlet, serial_bayou_lake_a,
          uniq_nergalle
D:11:     layout_basic, enter_trove_6, gauntlet_entry_generic,
          minmay_misc_feat_tiny
D:12:     layout_loops_cross, orc_0_dummy, ebering_dispersal_statue_hall,
          minmay_misc_feat_cross
Lair:1:   layout_regular_city, chequers_serial_rivers_micro_a,
          grunt_megastairs_2, infiniplex_staircase_pool_2, uniq_gastronok,
          uniq_erica
Lair:2:   layout_gridlike, basic_altar, minmay_stone_trees_small,
          guppyfry_lair_drakes, uniq_fannar
Lair:3:   layout_regular_city, shoals_dummy_entry, st_stairs_11, uniq_amaemon

Skill      XL: |  1  2  3  4  5  6  7  8  9 10 11 12 13 |
---------------+----------------------------------------+-----
Spellcasting   | 5 6 7 8 9 |  9.9
Invocations    | 2 3 4 5 6 7 8 9 |  9.3
Fighting       | 1 2 3 5 6 7 8 |  8.5
Short Blades   | 1 2 3 5 6 7 8 |  8.5
Long Blades    | 1 2 3 5 6 7 8 |  8.5
Axes           | 1 2 3 5 6 7 8 |  8.5
Maces & Flails | 1 2 3 5 6 7 8 |  8.5
Polearms       | 1 2 3 5 6 7 8 |  8.5
Staves         | 1 2 3 5 6 7 8 |  8.5
Ranged Weapons | 1 2 3 5 6 7 8 |  8.5
Throwing       | 1 2 3 5 6 7 8 |  8.5
Armour         | 1 2 3 5 6 7 8 |  8.5
Shields        | 1 2 3 5 6 7 8 |  8.5
Unarmed Combat | 1 2 3 5 6 7 8 |  8.5
Evocations     | 1 2 3 5 6 7 8 |  8.5
Conjurations   | 1 2 3 4 5 6 7 |  7.0
Hexes          | 1 2 3 4 5 6 7 |  7.0
Necromancy     | 1 2 3 4 5 6 7 |  7.0
Translocations | 1 2 3 4 5 6 7 |  7.0
Transmutations | 1 2 3 4 5 6 7 |  7.0
Fire Magic     | 1 2 3 4 5 6 7 |  7.0
Ice Magic      | 1 2 3 4 5 6 7 |  7.0
Air Magic      | 1 2 3 4 5 6 7 |  7.0
Earth Magic    | 1 2 3 4 5 6 7 |  7.0
Poison Magic   | 1 2 3 4 5 6 7 |  7.0
Dodging        | 5 6 7 8 9 |  9.7
Stealth        | 5 6 7 8 9 |  9.5
Summonings     | 8 9 10 | 10.1

Action                     |  1- 3 |  4- 6 |  7- 9 | 10-12 | 13-15 || total
---------------------------+-------+-------+-------+-------+-------++-------
  Melee: Short sword       |    59 |       |       |       |       ||    59
         Bite              |     6 |     5 |    27 |    66 |    11 ||   115
         Punch             |     2 |     1 |     6 |    20 |     7 ||    36
         Unarmed           |     1 |       |       |       |       ||     1
         Dagger            |    24 |    40 |   218 |   182 |       ||   464
         Trident           |       |       |       |   217 |       ||   217
         Demon trident     |       |       |       |   117 |    89 ||   206
  Throw: Dart              |       |     1 |    13 |       |       ||    14
         Boomerang         |       |       |    12 |       |       ||    12
   Cast: Summon Small Mamm |    12 |     3 |     6 |     9 |       ||    30
         Call Imp          |     1 |     2 |    13 |    22 |     1 ||    39
         Call Canine Famil |       |     1 |    13 |    25 |     1 ||    40
         Summon Lightning  |       |       |     4 |    18 |     1 ||    23
 Invoke: Draw Destruction  |     1 |       |     4 |     9 |     1 ||    15
         Draw Summoning    |       |       |       |     8 |     2 ||    10
         Draw Escape       |       |       |       |     4 |       ||     4
         Stack Five        |       |       |       |     1 |       ||     1
  Evoke: Wand              |       |       |     8 |     1 |       ||     9
    Use: Scroll            |       |       |    12 |    14 |     2 ||    28
         Potion            |       |       |     1 |     3 |       ||     4
   Stab: Sleeping          |     8 |     3 |    12 |    20 |     3 ||    46
         Distracted        |     1 |     1 |     3 |     6 |     2 ||    13
 Armour: Robe              |     5 |     1 |       |       |       ||     6
         Leather armour    |       |     2 |    54 |   129 |    24 ||   209
  Dodge: Dodged            |    53 |    17 |   108 |   433 |    72 ||   683
